 Dungeon Crawl Stone Soup version 0.27-a0-1181-g5f64966fcc (webtiles) character file.

Game seed: 3791818680322004686

163 ZappyNine the Shield-Bearer (level 5, 0/43 HPs)
             Began as a Formicid Fighter on May 17, 2021.
             Was an Initiate of Yredelemnul.
             Succumbed to a killer bee's poison
             ... on level 4 of the Dungeon.
             The game lasted 00:03:34 (2980 turns).

ZappyNine the Shield-Bearer (Formicid Fighter)      Turns: 2980, Time: 00:03:35

Health: 0/43       AC:  6    Str: 21    XL:     5   Next: 72%
Magic:  5/6        EV:  8    Int:  8    God:    Yredelemnul [......]
Gold:   102        SH: 10    Dex: 10    Spells: 4/4 levels left

rFire    . . .     SeeInvis +   a - +0 flail
rCold    + . .     Faith    .   c - +0 kite shield
rNeg     . . .     Spirit   .   b - +0 scale mail
rPois    .         Reflect  .   (helmet unavailable)
rElec    .         Harm     .   (no cloak)
rCorr    .         Rampage  .   (no gloves)
Will     .....                  (no boots)
Stlth    ..........             (no amulet)
HPRegen  0.14/turn              o - +4 ring of slaying
MPRegen  0.10/turn              e - ring of protection from cold

@: mighty, lethally poisoned (0 -> -13)
A: permanent stasis, dig shafts and tunnels, antennae 3, four strong arms
a: Dig, Shaft Self, Renounce Religion


You were on level 4 of the Dungeon.
You worshipped Yredelemnul.
Yredelemnul was noncommittal.
You visited 1 branch of the dungeon, and saw 4 of its levels.

You collected 102 gold pieces.

Inventory:

Hand Weapons
 a - a +0 flail (weapon)
Armour
 b - a +0 scale mail (worn)
 c - a +0 kite shield (worn)
Jewellery
 e - a ring of protection from cold (right hand)
 l - a ring of protection from fire
 o - a +4 ring of slaying (left hand)
Scrolls
 f - a scroll of magic mapping {unknown}
 g - 2 scrolls of identify {unknown}
 m - a scroll of immolation {unknown}
 n - a scroll of enchant weapon {unknown}
Potions
 h - a potion of attraction {unknown}
 i - 2 potions of flight {unknown}
 j - a potion of lignification {unknown}
 k - a potion of heal wounds {unknown}


   Skills:
 + Level 4.4 Fighting
 + Level 3.3 Maces & Flails
 - Level 3.3 Armour
 + Level 4.9 Shields
 + Level 1.5 Invocations


You had 4 spell levels left.
You didn't know any spells.
Your spell library contained the following spells:

 Spells                   Type           Power      Damage    Failure   Level
 Shock                    Conj/Air       0%         1d3       95%         1
 Static Discharge         Conj/Air       0%         N/A       99%         2
 Airstrike                Air            0%         N/A       100%        4
 Lightning Bolt           Conj/Air       0%         1d11      100%        5
 Swiftness                Air            Unusable   N/A       N/A         3

Dungeon Overview and Level Annotations

Branches:
Dungeon (3/15)

Altars:
Dithmenos
Yredelemnul


Innate Abilities, Weirdness & Mutations

You cannot be hasted, slowed, berserked, paralysed or teleported.
You can dig through walls and to a lower floor.
You have a pair of large antennae on your head. (SInv)
Your four strong arms can wield two-handed weapons with a shield.


Message History

You sock the killer bee!
You kill the killer bee!
Yredelemnul accepts your kill.
You feel sick. The killer bee barely misses you.
You block the killer bee's attack.
Your shield prevents you from hitting the killer bee.
The killer bee is moderately wounded.
You feel sick. You block the killer bee's attack. x2
You barely miss the killer bee.
The killer bee is moderately wounded.
You feel sick. You block the killer bee's attack. x2
The killer bee stings you.
You are more poisoned.
The killer bee poisons you!
You closely miss the killer bee.
The killer bee is moderately wounded.
* * * LOW HITPOINT WARNING * * *
You feel very sick. You block the killer bee's attack.
The killer bee closely misses you. You block the killer bee's attack.
Okay, then.
You extend your mandibles.
Are you sure you want to shaft yourself?
* * * LOW HITPOINT WARNING * * *
You feel sick.
The killer bee stings you but does no damage.
You block the killer bee's attack.
You begin to dig a shaft.
You continue digging a shaft.
* * * LOW HITPOINT WARNING * * *
You feel sick. The killer bee stings you.
* * * LOW HITPOINT WARNING * * *
You are more poisoned.
The killer bee poisons you!
The killer bee stings you but does no damage.
A shaft appears beneath you!
You fall into a shaft and drop 1 floor!
The shaft crumbles and collapses. 4 jackals, a goblin and a hobgoblin come into view.
You die...
Your body rises from the dead as a mindless zombie.

#....h...#
#.......h####
#............
#..........h.
#......h... .
#........#..#
##..........
#...@.......
#............
#............
#............
#............
#............
#..g.........
##.........g.


You could see 4 jackals, a hobgoblin (wandering) and a goblin (asleep).

Vanquished Creatures
  2 killer bees (D:3)
  2 adders (D:2)
  12 endoplasms
  A giant cockroach (D:2)
  4 goblins
  7 hobgoblins
  4 jackals (D:2)
  7 kobolds
  2 quokkas
  5 ball pythons
  4 bats
  A frilled lizard (D:2)
  3 rats
54 creatures vanquished.

Notes
Turn   | Place    | Note
-------+----------+-------------------------------------------
     0 | D:1      | ZappyNine the Formicid Fighter began the quest for the Orb.
     0 | D:1      | Reached XP level 1. HP: 18/18 MP: 1/1
   415 | D:1      | Reached XP level 2. HP: 24/24 MP: 2/2
  1180 | D:2      | Reached XP level 3. HP: 29/29 MP: 3/3
  1602 | D:2      | Found a faded altar of an unknown god.
  1609 | D:2      | Reached XP level 4. HP: 36/37 MP: 4/4
  2539 | D:3      | Found a shadowy altar of Dithmenos.
  2733 | D:3      | Found a basalt altar of Yredelemnul.
  2768 | D:3      | Became a worshipper of Yredelemnul the Dark
  2969 | D:3      | Reached skill level 1 in Invocations
  2969 | D:3      | Reached XP level 5. HP: 32/43 MP: 5/5
  2979 | D:3      | HP: 2/43 [killer bee (5)]
  2980 | D:3      | You fall into a shaft and drop 1 floor!
  2980 | D:4      | Succumbed to a killer bee's poison

Illustrated notes

Levels and vault maps discovered:
D:1:      heliophobic_arrival_henge, layout_basic, roderic_lattice_a
D:2:      layout_basic, serial_curves, eino_curves_01, eino_curves_01,
          basic_ecumenical_altar
D:3:      layout_rooms, nicolae_qazlal_eye_of_the_storm,
          nicolae_dithmenos_the_darkroom, lemuel_round_altar, st_stairs_1,
          uniq_crazy_yiuf_cottage
D:4:      minmay_skewed_foursquare, layout_rooms, lightli_temple_of_fire,
          kennysheep_another_room, chequers_serial_rivers_small_a,
          uniq_menkaure, uniq_natasha, uniq_pikel

Skill      XL: |  1  2  3  4 |
---------------+-------------+-----
Shields        | 4 |  4.9
Fighting       | 4 |  4.4
Maces & Flails | 3 |  3.3
Invocations    | 1 |  1.5
Armour         | |  3.3

Action                   |  1- 3 |  4- 6 || total
-------------------------+-------+-------++-------
Melee: Flail             |    61 |    86 ||   147
 Abil: Dig               |     3 |     3 ||     6
       Shaft Self        |       |     1 ||     1
  Use: Potion            |       |     1 ||     1
Armor: Scale mail        |    15 |    46 ||    61
Dodge: Dodged            |    11 |    36 ||    47
Block: Kite shield       |    35 |    59 ||    94

Table legend: (Time is in decaauts)
 A = Elapsed time spent in this place.
 B = Non-inter-level travel time spent in this place.
 C = Inter-level travel time spent in this place.
 D = Time resting spent in this place.
 E = Time spent auto-exploring this place.
 F = Levels seen in this place.
 G = Mean time per level.
                   A        B        C        D        E       F      G
               +--------+--------+--------+--------+--------+-----+--------+
         Total |   3042 |   2865 |    177 |    299 |   2028 |   4 |  760.5 |
       Dungeon |   3042 |   2865 |    177 |    299 |   2028 |   4 |  760.5 |
               +--------+--------+--------+--------+--------+-----+--------+

Top non-repeatable levels by time:
     D:2: 1390 daAuts
     D:1: 1188 daAuts
     D:3: 462 daAuts
